 Dungeon Crawl Stone Soup version 0.16.1-51-g6203257 (webtiles) character file.

2 Iskender the Grasshopper (level 1, 0/13 HPs)
             Began as a Formicid Wanderer on July 10, 2015.
             Slain by a giant gecko (2 damage)
             ... on level 1 of the Dungeon.
             The game lasted 00:04:56 (122 turns).

Iskender the Grasshopper (Formicid Wanderer)         Turns: 122, Time: 00:04:56

Health: 0/13       AC:  2    Str: 15    XL:     1   Next: 44%
Magic:  2/2        EV: 11    Int: 10    God:
Gold:   11         SH:  0    Dex: 12    Spells: 2 memorised, 0 levels left

rFire  . . .     SeeInvis +     e - +0 club
rCold  . . .     Clarity  .     d - +0 robe
rNeg   . . .     SustAb   .     (no shield)
rPois  .         Gourm    .     (helmet unavailable)
rElec  .         Spirit   .     (no cloak)
rCorr  .         Warding  .     (no gloves)
rMut   .         Stasis   +     (no boots)
MR     .....                    (no amulet)
Stlth  ++........               (no ring)
                                (no ring)

@: not resistant to hostile enchantments, unstealthy
A: permanent stasis, dig shafts and tunnels, four strong arms, antennae 3
a: Dig, Shaft Self


You were on level 1 of the Dungeon.
You were not hungry.

You visited 1 branch of the dungeon, and saw 1 of its levels.

You collected 11 gold pieces.

Inventory:

Hand weapons
 e - a +0 club (weapon)
Missiles
 g - 4 stones (quivered)
Armour
 d - a +0 robe (worn)
Books
 a - a book of Spatial Translocations

   Spells                             Type                      Level
   a - Apportation                    Translocation                1
   b - Blink                          Translocation                2
   c - Shroud of Golubria             Charms/Translocation         2
   d - Portal Projectile              Translocation                3
   e - Teleport Other                 Translocation                3
   f - Passage of Golubria            Translocation                4
 b - the Reference Book on the Oath

   Spells                             Type                      Level
   a - Corona                         Hexes                        1
   b - Tukima's Dance                 Hexes                        3
 c - Iskenderun's Compendium of Attacks

   Spells                             Type                      Level
   a - Magic Dart                     Conjuration                  1
   b - Mephitic Cloud                 Conjuration/Poison/Air       3
Comestibles
 f - a bread ration
 h - 2 chunks of flesh


   Skills:
 + Level 0.8 Maces & Flails
 - Level 1.2 Stealth
 - Level 1.1 Spellcasting
   Level 2.6 Conjurations
 - Level 2.6 Translocations
   Level 1.2 Earth Magic
   Level 1.1 Evocations


You couldn't memorise any spells.
You knew the following spells:

 Your Spells              Type           Power        Failure   Level  Hunger
A - Apportation           Tloc           #.........   14%         1    ##.....
Z - Corona                Hex            #......      38%         1    ##.....


Dungeon Overview and Level Annotations

Branches:
Dungeon (1/15)

Altars:


Innate Abilities, Weirdness & Mutations

You are under a permanent stasis effect.
You can dig through walls and to a lower floor.
Your four strong arms can wield two-handed weapons with a shield.
You have a pair of large antennae on your head (SInv).


Message History

The giant gecko is lightly wounded.
The giant gecko stops glowing.
The giant gecko barely misses you.
You hit the giant gecko.
The giant gecko is moderately wounded.
The giant gecko closely misses you. The giant gecko barely misses you.
You barely miss the giant gecko.
The giant gecko is lightly wounded.
The giant gecko barely misses you.
You closely miss the giant gecko.
The giant gecko is lightly wounded.
The giant gecko closely misses you. x2
You barely miss the giant gecko.
The giant gecko is lightly wounded.
The giant gecko bites you.
You hit the giant gecko.
The giant gecko is moderately wounded.
The giant gecko bites you.
* * * LOW HITPOINT WARNING * * *
The giant gecko bites you.
You die...

#...# #.....(.##### #.<.#
#....((.....### #...##
#....((........ ..#..#
#....([......... ..#..##
#.(.)(.......... .###..#
#.(.....#....... # ##.#
#(......#......
#.##########l.............
##.#........@.............
##..##############......
#### #..... ##.. . {


You could see a giant gecko.

Vanquished Creatures
  A giant newt (D:1)
  A goblin (D:1)
  2 kobolds (D:1)
4 creatures vanquished.

Notes
Turn   | Place    | Note
--------------------------------------------------------------
     0 | D:1      | Iskender, the Formicid Wanderer, began the quest for the Orb.
     0 | D:1      | Iskender set off with: a book of Spatial Translocations, the Reference Book on the Oath, Iskenderun's Compendium of Attacks, a +0 robe, a +0 club, a bread ration
     0 | D:1      | Reached XP level 1. HP: 13/13 MP: 2/2
     0 | D:1      | Identified the Reference Book on the Oath
     0 | D:1      | Identified Iskenderun's Compendium of Attacks
    43 | D:1      | Learned a level 1 spell: Apportation
    45 | D:1      | Learned a level 1 spell: Corona
   122 | D:1      | Slain by a giant gecko

Action                   || total
-------------------------++-------
Melee: Club              ||    14
Throw: Stone             ||    22
 Cast: Corona            ||     2
